Map: Tourmaline LE

Players

flashandfoul

  • Race: Zerg Zerg
  • League: Master
  • Spawn Location: 1:00

A.I. 1 (Very Easy) - Winner!

  • Race: Zerg Zerg
  • Spawn Location: 7:00

VOD

https://www.youtube.com/watch?v=NuGpRpyesdw

Description

Time

  • Played on: Dec. 31, 2025, 3:42 p.m.
  • Length: 6:02
Show
View Real Time Build Order
Export as new Build Order

flashandfoul Zerg 

Build Orders: Hatch First 

Get SALT Encoding   

  12  0:00  Drone  
  13  0:12  Overlord  
  13  0:17  Drone  
  14  0:30  Drone x2  
  16  0:47  Hatchery  
  15  0:51  Drone  
  15  0:54  Drone  
  17  0:57  Drone  
  18  1:08  Extractor  
  17  1:13  Spawning Pool  
  17  1:15  Drone  
  17  1:20  Drone  
  18  1:28  Drone  
  19  1:40  Overlord  
  19  1:59  Queen x2  
  19  2:00  Zergling x2  
  19  2:01  Zergling x2  
  25  2:03  Zergling x2  
  26  2:10  Metabolic Boost  
  26  2:12  Drone  
  27  2:15  Drone  
  28  2:23  Drone x2  
  30  2:39  Hatchery  
  30  2:41  Drone  
  30  2:45  Drone  
  30  2:46  Drone  
  32  2:52  Baneling Nest  
  32  2:56  Overlord  
  31  3:00  Drone  
  31  3:02  Drone  
  33  3:06  Drone  
  33  3:09  Drone x2  
  36  3:14  Zergling x2  
  36  3:15  Zergling x2  
  36  3:16  Zergling x2  
  36  3:18  Drone  
  40  3:21  Drone  
  40  3:25  Overlord  
  41  3:30  Extractor  
  41  3:33  Queen  
  42  3:36  Baneling x2  
  42  3:40  Drone x2  
  44  3:45  Roach Warren  
  44  3:48  Drone  
  44  3:50  Drone x2  
  44  3:53  Drone  
  47  3:56  Drone x2  
  47  3:59  Drone  
  47  4:00  Drone  
  51  4:03  Drone  
  51  4:06  Overlord  
  52  4:10  Overlord  
  52  4:14  Overlord  
  52  4:25  Roach x4  
  52  4:29  Roach x2  
  64  4:34  Roach x2  
  68  4:39  Drone x3  
  68  4:40  Drone  
  68  4:45  Drone x3  
  74  4:52  Lair, Extractor  
  74  4:53  Extractor  
  74  4:55  Overlord  
  74  4:56  Drone  
  74  4:57  Drone  
  75  5:02  Pneumatized Carapace, Drone  
  76  5:09  Evolution Chamber, Drone  
  76  5:10  Drone x3  
  76  5:11  Drone  
  76  5:12  Drone  
  81  5:22  Overlord x2  
  81  5:23  Drone x3  
  81  5:24  Drone  
  81  5:26  Drone  
  86  5:29  Drone x2  
  86  5:33  Spine Crawler  
  87  5:38  Overlord  
  87  5:39  Drone x2  
  87  5:41  Drone  
  87  5:42  Drone  
  91  5:44  Drone  
  91  5:46  Extractor  
  91  5:53  Extractor  
Show
View Real Time Build Order
Export as new Build Order

A.I. 1 (Very Easy) Zerg - Winner!

Build Orders: Pool Only 

Get SALT Encoding   

  12  0:00  Drone  
  13  0:12  Overlord  
  13  0:16  Drone  
  14  0:35  Spawning Pool  
  13  0:36  Extractor  
  13  0:39  Drone  
  13  0:46  Drone  
  14  0:51  Overlord  
  14  1:21  Queen  
  14  1:23  Zergling x2  
  17  1:33  Roach Warren  
  17  1:35  Extractor  
  17  1:38  Drone  
  16  1:41  Zergling x2  
  16  1:46  Drone  
  18  2:00  Zergling x2, Drone  
  20  2:11  Drone  
  21  2:21  Drone  
  22  2:28  Drone  
  23  2:32  Overlord  
  23  2:36  Drone  
  24  2:43  Drone  
  25  5:36  Zergling x2  
  25  5:48  Drone  
Tags
 
League
Master
Matchup
ZvZ
Race
Zerg
Spawn Locations
Cross Positions
Add a new tag
Caveats
  • Supply blocks, unpowered buildings, or Contaminate may cause inaccurate times.
  • Supply counts are checked every 10 seconds.